 Dungeon Crawl Stone Soup version 0.31.0-32-g396128a36d (webtiles) character file.

Game seed: 12783797640100900411

46 PriceMaster the Sneak (level 3, 0/16 HPs)
             Began as a Vine Stalker Enchanter on Mar 26, 2024.
             Constricted to death by a ball python (1 damage)
             ... on level 2 of the Dungeon.
             The game lasted 00:02:44 (1308 turns).

PriceMaster the Sneak (Vine Stalker Enchanter)      Turns: 1308, Time: 00:02:44

Health: 0/16       AC:  2    Str: 10    XL:     3   Next: 68%
Magic:  0/7        EV:  9    Int: 17    God:
Gold:   72         SH:  0    Dex: 14    Spells: 1/6 levels left

rFire   . . .        a - +1 dagger
rCold   . . .        (no shield)
rNeg    . . .        b - +0 robe
rPois   .            (no helmet)
rElec   .            (no cloak)
rCorr   .            (no gloves)
SInv    .            (no boots)
Will    .....        (no amulet)
Stlth   +++          (no ring)
HPRegen 1.02/turn    (no ring)
MPRegen 0.10/turn

%: guardian spirit
@: lethally poisoned (0 -> -1), constricted, invisible
A: fangs 2, regeneration 1, magic shield, antimagic bite, no potion heal 2
a: no special abilities


You were on level 2 of the Dungeon.
You visited 1 branch of the dungeon, and saw 2 of its levels.

You collected 72 gold pieces.

Inventory:

Hand Weapons
 a - a +1 dagger (weapon)
Armour
 b - a +0 robe (worn)
Scrolls
 e - a scroll of identify {unknown}
 f - a scroll of fear {unknown}
 h - a scroll of teleportation {unknown}
Potions
 c - a potion of invisibility
 d - a potion of resistance {unknown}
 g - a potion of cancellation {unknown}
 i - 2 potions of curing {unknown}


   Skills:
 + Level 0.1 Fighting
 + Level 1.2 Short Blades
 + Level 1.7 Dodging
 * Level 4.6 Stealth
 + Level 2.4 Spellcasting
 + Level 3.4 Hexes
 + Level 0.1 Ice Magic


You had one spell level left.
You knew the following spells:

 Your Spells              Type           Power      Damage    Failure   Level
a - Ensorcelled Hibernat  Hex/Ice        16%        N/A       14%         2
b - Tukima's Dance        Hex            13%        N/A       14%         3

Your spell library contained the following spells:

 Spells                   Type           Power      Damage    Failure   Level
 Confusing Touch          Hex            13%        N/A       14%         3
 Lesser Beckoning         Tloc           4%         N/A       28%         2
 Dazzling Flash           Conj/Hex       14%        N/A       28%         3
 Gell's Gravitas          Tloc           2%         N/A       50%         3
 Teleport Other           Tloc           2%         N/A       50%         3
 Dispersal                Tloc           1%         N/A       100%        6


Dungeon Overview and Level Annotations

Branches:
Dungeon (2/15)

Altars:

Shops:
D:1 =[!


Innate Abilities, Weirdness & Mutations

You have extremely sharp teeth.
Your natural rate of healing is unusually fast.
When hurt, damage is shared between your health and your magic reserves.
Your bite disrupts and absorbs the magic of your enemies.
Potions cannot restore your health.


Message History

The adder resists with some effort.
The adder bites you. The ball python barely misses you.
The ball python misses you.
You barely miss the adder. Your bite misses the adder.
The adder is heavily wounded.
The adder closely misses you. The ball python barely misses you. x2
Casting: Ensorcelled Hibernation (safe; 14% risk of failure)
Confirm with . or Enter, or press ? or * to list all spells.
Aiming: Ensorcelled Hibernation (safe; 14% risk of failure)
Press: ? - help, Shift-Dir - straight line, f/p - adder
Aim: an adder (heavily wounded, chance to affect: 50%)
The adder resists with some effort.
The adder bites you.
You are poisoned.
The adder poisons you! The ball python barely misses you.
The ball python closely misses you.
You barely miss the adder. You bite the adder, but do no damage.
The adder is heavily wounded.
You feel sick. The adder closely misses you.
The ball python completely misses you. The ball python misses you.
The adder bites you but does no damage.
You hit the adder.
The adder is severely wounded.
You feel sick. The ball python bites you. The ball python closely misses you.
The adder barely misses you.
You hit the adder.
The adder is almost dead.
You feel sick. The ball python bites you. The ball python grabs you.
The ball python constricts you. The adder bites you.
Unknown command.
You closely miss the adder. Your bite misses the adder.
The adder is almost dead.
You feel sick. The ball python closely misses you.
The ball python constricts you. The adder bites you.
* * * LOW HITPOINT WARNING * * *
The ball python misses you. The ball python constricts you.
* * * LOW HITPOINT WARNING * * *
You fade into invisibility!
You feel sick. The adder barely misses you. The ball python bites you.
* * * LOW HITPOINT WARNING * * *
The ball python constricts you.
You die...

# .. ##. .## ##..#
#..# ....###...
#...#... ###
#..... ...#
##.S.## #...#
#..S@.###....#..#
#...#...#.....#..#
.....
##........#..#
.#.. ##..#....#..#
## ##..###.#.#..#
#.### #.#.#..# #.#
#.#....# #.#
###.#...###### #.#
#.............


You could see an adder (unable to see you) and a ball python (unable to see
you).

Vanquished Creatures
  An adder (D:2)
  2 dart slugs (D:1)
  5 bats
  4 endoplasms (D:1)
  4 hobgoblins
  3 kobolds
  4 quokkas
  A ball python (D:1)
  3 goblins (D:1)
  4 rats (D:1)
31 creatures vanquished.

Notes
Turn   | Place    | Note
-------+----------+-------------------------------------------
     0 | D:1      | PriceMaster the Vine Stalker Enchanter began the quest for
                  | the Orb.
     0 | D:1      | Reached XP level 1. HP: 9/9 MP: 4/4
    74 | D:1      | Found Qaiqal's Distillery.
    80 | D:1      | Reached XP level 2. HP: 13/13 MP: 6/6
    83 | D:1      | Learned a level 2 spell: Ensorcelled Hibernation
   196 | D:1      | Reached skill level 4 in Stealth
   226 | D:1      | Found Ywkotupt's Armour Shop.
   244 | D:1      | Reached skill level 1 in Short Blades
   515 | D:1      | Reached XP level 3. HP: 16/16 MP: 7/7
   525 | D:1      | Found Igetog's Jewellery Shop.
   602 | D:1      | Learned a level 3 spell: Tukima's Dance
  1295 | D:2      | Found a faded altar of an unknown god.
  1308 | D:2      | Constricted to death by a ball python

Illustrated notes

Levels and vault maps discovered:
D:1:      minmay_arrival_shoal_huts, layout_basic, serial_shops,
          nicolae_shop_behind_doors, nicolae_shop_just_a_little_nook, shop
D:2:      layout_basic, nicolae_ecumenical_snake_handling,
          kennysheep_jessica_study

Skill      XL: |  1  2 |
---------------+-------+-----
Stealth        | 4 |  4.6
Short Blades   | 1 |  1.2
Fighting       | |  0.1
Dodging        | |  1.7
Spellcasting   | |  2.4
Hexes          | |  3.4
Ice Magic      | |  0.1

Action                     || total
---------------------------++-------
  Melee: Dagger            ||    71
         Bite              ||    11
   Cast: Ensorcelled Hiber ||    15
    Use: Potion            ||     1
   Stab: Sleeping          ||    14
 Armour: Robe              ||    43
  Dodge: Dodged            ||    60
